 Dungeon Crawl Stone Soup version 0.22.1-1-ga44c0e56f4 (webtiles) character file.

448 Kohma the Shield-Bearer (level 7, -2/61 HPs)
             Began as a Hill Orc Fighter on Oct 8, 2018.
             Slain by an ogre
             ... wielding a +0 giant club
              (6 damage)
             ... on level 4 of the Dungeon.
             The game lasted 00:11:40 (3806 turns).

Kohma the Shield-Bearer (Hill Orc Fighter)          Turns: 3806, Time: 00:11:40

Health: -2/61      AC:  9    Str: 21    XL:     7   Next: 3%
Magic:  7/7        EV:  7    Int:  8    God:
Gold:   140        SH: 10    Dex: 10    Spells: 6/6 levels left

rFire    . . .     SeeInvis .   a - +0 long sword
rCold    . . .     Gourm    .   c - +0 shield
rNeg     . . .     Faith    .   b - +0 scale mail
rPois    .         Spirit   .   r - +0 helmet
rElec    .         Reflect  .   (no cloak)
rCorr    .         Harm     .   (no gloves)
MR       .....                  w - +0 pair of boots
Stlth    ..........             (no amulet)
HPRegen  0.20/turn              (no ring)
MPRegen  0.10/turn              (no ring)

@: no status effects
A: no striking features
a: no special abilities


You were on level 4 of the Dungeon.
You were not hungry.

You visited 1 branch of the dungeon, and saw 4 of its levels.

You collected 140 gold pieces.

Inventory:

Hand Weapons
 a - a +0 long sword (weapon)
 g - a +0 hunting sling
Missiles
 j - a throwing net
 l - 89 stones
 o - 7 tomahawks (quivered)
Armour
 b - a +0 scale mail (worn)
 c - a +0 shield (worn)
 r - a +0 helmet (worn)
 w - a +0 pair of boots (worn)
Jewellery
 k - an uncursed amulet of the acrobat {unknown}
 s - a cursed -3 ring of strength {unknown}
 B - a +3 ring of protection {unknown}
 E - an uncursed ring of resist corrosion {unknown}
Scrolls
 e - 8 scrolls of identify {unknown}
 f - a scroll of fear {unknown}
 h - 2 scrolls of fog {unknown}
 p - 2 scrolls of teleportation {unknown}
 q - a scroll of amnesia {unknown}
 u - 2 scrolls of remove curse {unknown}
 y - 2 scrolls of immolation {unknown}
 A - a scroll of enchant weapon {unknown}
 C - a scroll of random uselessness {unknown}
 D - a scroll of enchant armour {unknown}
Potions
 d - a potion of might
 i - a potion of haste {unknown}
 m - 3 potions of heal wounds {unknown}
 n - 2 potions of curing {unknown}
 t - a potion of magic {unknown}
 v - a potion of degeneration {unknown}
 x - 2 potions of brilliance {unknown}
 z - a potion of flight {unknown}
 F - a potion of cancellation {unknown}
Comestibles
 G - 3 chunks of flesh


   Skills:
 + Level 5.1 Fighting
 * Level 5.3 Long Blades
 - Level 3.2 Armour
 * Level 5.9 Shields


You had 6 spell levels left.
You didn't know any spells.
Your spell library was empty.

Dungeon Overview and Level Annotations

Branches:
Dungeon (4/15)
 Temple: D:4-7

Altars:
Trog
The Shining One


Message History

You barely miss the ogre.
The ogre is heavily wounded.
The ogre hits you with a giant club!!
You hear an angry hiss.
You hit the ogre.
The ogre is heavily wounded.
The ogre barely misses you.
You riposte.
You slash the ogre!
The ogre is almost dead.
Your shield prevents you from hitting the ogre.
The ogre is almost dead.
The ogre completely misses you.
You closely miss the ogre.
The ogre is almost dead.
The ogre hits you with a giant club!
* * * LOW HITPOINT WARNING * * *
A frilled lizard comes into view.
You hit the ogre.
The ogre is almost dead.
The ogre hits you with a giant club.
You die...

#.########
#........# ..
########.####...
#........ ..
#####...##...
#.#............
#....#.###.#...
####..........#
#.#@###.#..#
#.#O#$#.#.## #
#.###.# #
l.......#
#.###.#.# ...
...# ... ... ###
##


You could see an ogre and a frilled lizard.

Vanquished Creatures
  A phantom (D:4)
  A scorpion (D:4)
  2 hounds (D:4)
  2 worker ants (D:4)
  6 gnolls
  5 adders
  4 worms
  2 dart slugs
  3 leopard geckos
  3 orcs (D:3)
  6 bats
  6 giant cockroaches
  10 goblins
  11 hobgoblins
  6 jackals
  A quokka (D:3)
  A ball python (D:2)
  4 frilled lizards
  6 kobolds
  8 rats
88 creatures vanquished.

Notes
Turn   | Place    | Note
-------+----------+-------------------------------------------
     0 | D:1      | Kohma the Hill Orc Fighter began the quest for the Orb.
     0 | D:1      | Reached XP level 1. HP: 19/19 MP: 1/1
   255 | D:1      | Reached XP level 2. HP: 11/27 MP: 2/2
   676 | D:1      | Reached XP level 3. HP: 33/33 MP: 3/3
  1167 | D:1      | Reached XP level 4. HP: 27/40 MP: 4/4
  1695 | D:2      | Found a glowing golden altar of the Shining One.
  1751 | D:2      | Noticed a moth of wrath
  1754 | D:2      | Found a bloodstained altar of Trog.
  1832 | D:2      | Reached XP level 5. HP: 39/47 MP: 5/5
  2436 | D:3      | Reached skill level 5 in Shields
  2681 | D:4      | Noticed a phantom
  2950 | D:4      | Reached XP level 6. HP: 21/53 MP: 6/6
  3386 | D:4      | Reached skill level 5 in Fighting
  3386 | D:4      | Reached skill level 5 in Long Blades
  3392 | D:4      | HP: 2/56 [phantom (7)]
  3395 | D:4      | Killed a phantom
  3395 | D:4      | Reached XP level 7. HP: 3/61 MP: 7/7
  3806 | D:4      | Slain by an ogre

Skill      XL: |  1  2  3  4  5  6 |
---------------+-------------------+-----
Long Blades    | 3 4 5 |  5.3
Fighting       | 4 5 |  5.1
Shields        | 4 5 |  5.9
Armour         | |  3.2

Action                   |  1- 3 |  4- 6 |  7- 9 || total
-------------------------+-------+-------+-------++-------
Melee: Long sword        |   101 |   264 |    13 ||   378
Throw: Tomahawk          |       |     4 |       ||     4
  Use: Potion            |       |     1 |       ||     1
  Eat: Chunk             |     1 |     7 |       ||     8
       Ration            |       |       |     1 ||     1
Armor: Scale mail        |    50 |   110 |     1 ||   161
Dodge: Dodged            |    33 |    57 |     5 ||    95
Block: Shield            |    60 |   136 |     3 ||   199
       Rpst.: Long sword |     9 |    15 |     2 ||    26
